 Dungeon Sprint DCSS version 0.18-b1-16-g289874d (webtiles) character file.

413 Ponchio the Thaumaturge (level 6, -26/36 HPs)
             Began as a High Elf Fire Elementalist on May 1, 2016.
             Was a Believer of Vehumet.
             Shot with a bolt by a yaktaur (32 damage)
             ... in the Dungeon (Sprint V: "Ziggurat Sprint").
             The game lasted 00:08:13 (339 turns).

Ponchio the Thaumaturge (High Elf Fire Elementalist) Turns: 339, Time: 00:08:13

Health: -26/36     AC:  2    Str:  7    XL:     6   Next: 59%
Magic:  21/26      EV: 13    Int: 39    God:    Vehumet [**....]
Gold:   0          SH:  0    Dex: 16    Spells: 4 memorised, 10 levels left

rFire  . . .     SeeInvis .     I - +6 Majin-Bo {vamp, Archmagi MP+6 Int+6}
rCold  . . .     Gourm    .     a - +0 robe
rNeg   . . .     Faith    .     (shield currently unavailable)
rPois  .         Spirit   .     (no helmet)
rElec  .         Dismiss  .     (no cloak)
rCorr  .         Reflect  .     (no gloves)
SustAt .         Harm     .     (no boots)
MR     .....     NoTele   +     (no amulet)
Stlth  ++........               A - +6 ring of intelligence
                                B - +6 ring of intelligence

@: not resistant to hostile enchantments, unstealthy
A: no striking features
a: Renounce Religion


You were in the Dungeon.
You worshipped Vehumet.
Vehumet was pleased with you.
You were not hungry.

You visited 1 branch

Inventory:

Hand Weapons
 I - the +6 Majin-Bo (weapon) {vamp, Archmagi MP+6 Int+6}
   (You found it in the Dungeon)

   It inflicts no extra harm, but heals its wielder somewhat when it strikes a
   living foe.
   It affects your intelligence (+6).
   It affects your magic capacity (+6).
Armour
 a - a +0 robe (worn)
Jewellery
 y - a +6 ring of dexterity
 z - a +6 ring of dexterity
 A - a +6 ring of intelligence (right hand)
 B - a +6 ring of intelligence (left hand)
 C - a +6 ring of strength
 D - a +6 ring of strength
Wands
 E - a wand of disintegration (4/24)
 F - a wand of iceblast (3/15)
 G - a wand of lightning (4/15)
 H - a wand of acid (5/15)
Scrolls
 i - 4 scrolls of blinking
 p - 4 scrolls of amnesia
 q - 3 scrolls of recharging
 r - 7 scrolls of fog
 s - a scroll of holy word
 t - 5 scrolls of identify
 u - 5 scrolls of remove curse
 v - 2 scrolls of fear
Potions
 d - 10 potions of curing
 e - 10 potions of heal wounds
 f - 6 potions of haste
 g - 7 potions of magic
 h - 3 potions of berserk rage
 j - 2 potions of brilliance
 k - 2 potions of invisibility
 l - 4 potions of resistance
 n - 5 potions of agility
 o - 5 potions of might
Books
 b - a book of Flames

   Spells                             Type                      Level
   a - Flame Tongue                   Conjuration/Fire             1
   b - Throw Flame                    Conjuration/Fire             2
   c - Conjure Flame                  Conjuration/Fire             3
   d - Inner Flame                    Hexes/Fire                   3
   e - Sticky Flame                   Conjuration/Fire             4
   f - Fireball                       Conjuration/Fire             5
 m - a book of Conjurations

   Spells                             Type                      Level
   a - Magic Dart                     Conjuration                  1
   b - Searing Ray                    Conjuration                  2
   c - Dazzling Spray                 Conjuration/Hexes            3
   d - Fulminant Prism                Conjuration/Hexes            4
   e - Iskenderun's Mystic Blast      Conjuration                  4
   f - Iskenderun's Battlesphere      Conjuration/Charms           5
 L - a book of the Earth

   Spells                             Type                      Level
   a - Leda's Liquefaction            Hexes/Earth                  4
   b - Bolt of Magma                  Conjuration/Fire/Earth       5
   c - Statue Form                    Transmutation/Earth          6
   d - Iron Shot                      Conjuration/Earth            6
   e - Shatter                        Earth                        9
Miscellaneous
 K - a phial of floods
Comestibles
 c - 5 bread rations
 w - 39 fruits
 x - 4 meat rations


   Skills:
 - Level 2.1 Dodging
 - Level 2.1 Stealth
 + Level 10.0 Spellcasting
 + Level 9.8 Conjurations
 - Level 3.0 Fire Magic
 + Level 0.0 Earth Magic
 - Level 7.3 Evocations


You had 10 spell levels left.
You knew the following spells:

 Your Spells              Type           Power        Failure   Level  Hunger
a - Flame Tongue          Conj/Fire      #####        1%          1    None
b - Fireball              Conj/Fire      #######...   4%          5    #......
c - Dazzling Spray        Conj/Hex       ######..     1%          3    None
d - Iron Shot             Conj/Erth      ######....   45%         6    ####...


Dungeon Overview and Level Annotations

Branches:
Dungeon (1/1)

Altars:
Ashenzari
Cheibriados
Dithmenos
Elyvilon
Fedhas
Gozag
Kikubaaqudgha
Makhleb
Nemelex Xobeh
Okawaru
Pakellas
Qazlal
Ru
Sif Muna
Trog
Vehumet
Xom
Yredelemnul
Zin
The Shining One
Beogh
Jiyva
Lugonu


Message History

Aiming: Fireball
Press: ? - help, Shift-Dir - straight line, f - yaktaur
Aim: a yaktaur, wielding an arbalest of flaming You feel a surge of power!
The fireball explodes!
The fireball engulfs the yaktaur.
The yaktaur is moderately wounded.
The fireball engulfs the yaktaur.
The yaktaur is heavily wounded.
The yaktaur shouts!
The fireball engulfs the yaktaur.
The yaktaur is severely wounded.
The yaktaur shouts!
The fireball engulfs the yaktaur.
The yaktaur is almost dead.
The yaktaur wields an arbalest.
The yaktaur shoots a bolt.
The bolt hits you!!
Ouch! That really hurt!
* * * LOW HITPOINT WARNING * * *
The yaktaur shoots a bolt.
The bolt hits you!!
Ouch! That really hurt!
You die...

▓.....▓.....▓▓▓▓▓▓▓
▓▓▓▓▓▓▓▓▓▓▓▓▓▓
▓..8©8...▓
▓..)cc...▓
▓..cc....▓
▓........▓
........▓
▓.▓....▓.▓
▓...@....▓
▓▓▓▓▓▓▓▓▓▓


You could see 4 yaktaurs.

Vanquished Creatures
  A hell hound (D)
  A phantom (D)
  2 necrophages (D)
  A crimson imp (D)
  2 shadow imps (D)
  A bat skeleton (D)
  A quokka zombie (D)
9 creatures vanquished.

Vanquished Creatures (others)
  Grinder (D)
1 creature vanquished.

Grand Total: 10 creatures vanquished

Notes
Turn   | Place    | Note
--------------------------------------------------------------
     0 | D        | Ponchio the High Elf Fire Elementalist began the quest for the Orb.
     0 | D        | Reached XP level 1. HP: 11/11 MP: 4/4
     0 | D        | Found a viscous altar of Jiyva.
     0 | D        | Found a roughly hewn altar of Beogh.
     0 | D        | Found a corrupted altar of Lugonu.
     0 | D        | Found a white marble altar of Elyvilon.
     0 | D        | Found a sparkling altar of Nemelex Xobeh.
     1 | D        | Found a burning altar of Makhleb.
     1 | D        | Found an iron altar of Okawaru.
     1 | D        | Found a deep blue altar of Sif Muna.
     1 | D        | Found a radiant altar of Vehumet.
     1 | D        | Found a bloodstained altar of Trog.
     1 | D        | Found a shimmering altar of Xom.
     4 | D        | Killed Grinder
    33 | D        | Became a worshipper of Vehumet
    54 | D        | Reached XP level 2. HP: 17/17 MP: 4/7
   124 | D        | Entered arena 1.
   124 | D        | Noticed a hell hound
   126 | D        | Killed a hell hound
   126 | D        | Reached skill level 6 in Spellcasting
   126 | D        | Reached skill level 5 in Conjurations
   126 | D        | Reached XP level 3. HP: 16/21 MP: 11/11
   126 | D        | Reached XP level 4. HP: 21/27 MP: 13/13
   194 | D        | Entered arena 2.
   196 | D        | Reached * piety under Vehumet
   196 | D        | Offered knowledge of Shock by Vehumet.
   205 | D        | Reached skill level 7 in Spellcasting
   205 | D        | Reached XP level 5. HP: 31/31 MP: 15/15
   238 | D        | Learned a level 5 spell: Fireball
   244 | D        | Learned a level 3 spell: Dazzling Spray
   244 | D        | Entered arena 3.
   244 | D        | Noticed a necrophage
   244 | D        | Noticed a phantom
   244 | D        | Noticed a necrophage
   245 | D        | Reached ** piety under Vehumet
   245 | D        | Killed a necrophage
   245 | D        | Reached skill level 8 in Spellcasting
   246 | D        | Killed a phantom
   246 | D        | Reached skill level 9 in Spellcasting
   246 | D        | Reached XP level 6. HP: 30/36 MP: 15/19
   246 | D        | Reached skill level 10 in Spellcasting
   263 | D        | Learned a level 6 spell: Iron Shot
   338 | D        | Entered arena 4.
   338 | D        | Noticed a yaktaur
   338 | D        | Noticed a yaktaur
   338 | D        | Noticed a yaktaur
   338 | D        | Noticed a yaktaur
   339 | D        | Shot with a bolt by a yaktaur

Skill      XL: |  1  2  3  4  5  6 |
---------------+-------------------+-----
Evocations     | 7 |  7.3
Spellcasting   | 6 7 9 10 | 10.0
Conjurations   | 5 7 9 |  9.8
Dodging        | |  2.1
Stealth        | |  2.1
Fire Magic     | |  3.0

Action                   |  1- 3 |  4- 6 || total
-------------------------+-------+-------++-------
Melee: Quarterstaff      |       |     4 ||     4
 Cast: Fireball          |       |     3 ||     3
Evoke: Wand              |     1 |     5 ||     6
  Use: Potion            |     1 |       ||     1
  Eat: Fruit             |     3 |       ||     3
Armor: Plate armour      |       |     6 ||     6
